 Dungeon Crawl Stone Soup version 0.25-a0-502-g6516661 (webtiles) character file.

Game seed: 5881330594372316701, levelgen mode: deterministic

1386 Chaoticas the Thaumaturge (level 8, -11/58 HPs)
             Began as a Gnoll Wizard on Feb 12, 2020.
             Mangled by a slime creature (17 damage)
             ... on level 9 of the Dungeon.
             The game lasted 00:26:55 (8918 turns).

Chaoticas the Thaumaturge (Gnoll Wizard)            Turns: 8918, Time: 00:26:56

Health: -11/58     AC:  7    Str: 13    XL:     8   Next: 67%
Magic:  16/20      EV: 14    Int: 23    God:
Gold:   189        SH:  5    Dex: 13    Spells: 14/23 levels left

rFire    . . .     SeeInvis .   K - +1 whip (flame)
rCold    . . .     Gourm    .   w - +0 buckler
rNeg     . . .     Faith    .   f - +0 leather armour
rPois    .         Spirit   .   J - +0 helmet
rElec    .         Reflect  .   (no cloak)
rCorr    .         Harm     .   y - +2 pair of gloves {Str+3}
MR       +....                  (no boots)
Stlth    +++.......             t - amulet of magic regeneration
HPRegen  0.19/turn              l - ring of protection from magic
MPRegen  0.42/turn              i - ring of wizardry

@: no status effects
A: distributed training, fangs 1, strong nose
a: no special abilities


You were on level 9 of the Dungeon.
You were not hungry.

You visited 1 branch of the dungeon, and saw 7 of its levels.

You collected 189 gold pieces.

Inventory:

Hand Weapons
 n - a +0 spear
   (You took it off a gnoll on level 1 of the Dungeon)
 D - a +1 flail of protection
   (You took it off Terence on level 3 of the Dungeon)
 K - a +1 whip of flaming (weapon)
   (You found it on level 5 of the Dungeon)
Missiles
 d - 81 arrows
 j - 19 poisoned darts (quivered)
 E - 134 stones
Armour
 a - a +0 robe
 f - a +0 leather armour (worn)
   (You took it off an orc on level 4 of the Dungeon)
 r - a +0 kite shield
   (You found it on level 2 of the Dungeon)
 w - a +0 buckler (worn)
   (You found it on level 2 of the Dungeon)
 y - a +2 pair of gloves of strength (worn)
   (You found it on level 1 of the Dungeon)
 A - a +0 ring mail
   (You found it on level 2 of the Dungeon)
 C - the +6 plate armour of the Centipede {*Drain MR+ Str+2, unknown}
   (You found it on level 5 of the Dungeon)

   It affects your strength (+2).
   It affects your resistance to hostile enchantments.
   It causes draining when unequipped.
   If you switch to wearing this armour, your AC will increase by 14 (7 -> 21).
 J - a +0 helmet (worn)
   (You found it on level 5 of the Dungeon)
Magical Staves
 N - an uncursed staff of wizardry {unknown}
   (You found it on level 9 of the Dungeon)
Jewellery
 g - an uncursed ring of see invisible {unknown}
   (You found it on level 4 of the Dungeon)
 h - an uncursed ring of fire
   (You found it on level 1 of the Dungeon)
 i - a ring of wizardry (right hand)
   (You took it off an orc on level 4 of the Dungeon)
 k - a cursed ring of attention {unknown}
   (You found it on level 1 of the Dungeon)
 l - a ring of protection from magic (left hand)
   (You found it on level 2 of the Dungeon)
 t - an amulet of magic regeneration (around neck)
   (You found it on level 2 of the Dungeon)
 u - an uncursed amulet of the gourmand {unknown}
   (You found it on level 2 of the Dungeon)
 x - an uncursed ring of resist corrosion
   (You found it on level 2 of the Dungeon)
 B - an uncursed amulet of rage {unknown}
   (You found it on level 3 of the Dungeon)
 H - a +4 ring of strength {unknown}
   (You found it on level 5 of the Dungeon)
Wands
 b - a wand of polymorph (8)
   (You found it on level 5 of the Dungeon)
 c - a wand of disintegration (17)
   (You found it on level 4 of the Dungeon)
Scrolls
 m - a scroll of random uselessness {unknown}
 q - 2 scrolls of teleportation {@r4}
 F - a scroll of identify {@r1}
 G - 2 scrolls of fear {unknown}
 O - a scroll of remove curse {@r2}
Potions
 o - a potion of ambrosia {unknown}
 p - a potion of brilliance
 s - a potion of flight {unknown}
 v - a potion of agility {unknown}
 z - 2 potions of heal wounds {@q2}
 I - a potion of berserk rage {unknown}
 L - a potion of might {unknown}
 M - a potion of lignification {unknown}
Comestibles
 e - 7 rations {!d}


   Skills:
 + Level 3.4 Fighting
 + Level 3.4 Short Blades
 + Level 3.4 Long Blades
 + Level 3.4 Axes
 + Level 3.4 Maces & Flails
 + Level 3.4 Polearms
 + Level 3.4 Staves
 + Level 3.4 Slings
 + Level 3.4 Bows
 + Level 3.4 Crossbows
 + Level 3.4 Throwing
 + Level 3.4 Armour
 + Level 5.8 Dodging
 + Level 5.4 Stealth
 + Level 3.4 Shields
 + Level 3.4 Unarmed Combat
 + Level 8.0 Spellcasting
 + Level 3.5 Conjurations
 + Level 2.8 Hexes
 + Level 2.8 Charms
 + Level 3.5 Summonings
 + Level 2.8 Necromancy
 + Level 3.5 Translocations
 + Level 2.8 Transmutations
 + Level 2.8 Fire Magic
 + Level 2.8 Ice Magic
 + Level 2.8 Air Magic
 + Level 2.8 Earth Magic
 + Level 2.8 Poison Magic
 + Level 3.7 Invocations
 + Level 3.4 Evocations


You had 14 spell levels left.
You knew the following spells:

 Your Spells              Type           Power        Failure   Level  Hunger
a - Magic Dart            Conj           ####         1%          1    None
b - Blink                 Tloc           N/A          1%          2    None
d - Conjure Flame         Conj/Fire      ###.....     3%          3    None
f - Mephitic Cloud        Conj/Pois/Air  ###.....     3%          3    None

Your spell library contained the following spells:

 Spells                   Type           Power        Failure   Level  Hunger
 Corona                   Hex            ###....      1%          1    None
 Call Imp                 Summ           ####....     1%          2    None
 Slow                     Hex            ###.....     1%          2    None
 Sublimation of Blood     Necr           ###.......   1%          2    None
 Ignite Poison            Fire/Tmut/Pois ###.....     3%          3    None
 Inner Flame              Hex/Fire       ###.....     3%          3    None
 Portal Projectile        Hex/Tloc       ###...       3%          3    None
 Cause Fear               Hex            ###.......   12%         4    ###....
 Leda's Liquefaction      Hex/Erth       ###.......   12%         4    ###....
 Petrify                  Tmut/Erth      ###.....     12%         4    ###....
 Irradiate                Conj/Tmut      ###.......   26%         5    #####..
 Alistair's Intoxication  Tmut/Pois      ###.....     32%         5    #####..
 Eringya's Noxious Bog    Tmut/Pois      ###.......   86%         6    ######.


Dungeon Overview and Level Annotations

Branches:
Dungeon (6/15)
 Temple: D:4-7

Altars:
Dithmenos
Vehumet

Annotations:
D:4 1 exclusion, Menkaure, Sigmund
D:5 Edmund
D:6 1 runed translucent door, Crazy Yiuf


Innate Abilities, Weirdness & Mutations

Your experience applies equally to all skills.
You have very sharp teeth.
Your uncanny sense of smell can sniff out nearby items.


Message History

You blink.
A scorpion comes into view.
Found 13 arrows.
You blink.
An ogre comes into view. It is wielding a -2 giant spiked club.
Unknown command.
You blink.
Found a weird runed staff.
Okay, then.
You see here a weird runed staff.
N - a weird runed staff The worker ant bites you!
* * * LOW HITPOINT WARNING * * *
The worker ant misses you.
As you read the scroll of teleportation {@r4}, it crumbles to dust.
You feel strangely unstable. The worker ant barely misses you.
Unknown command.
Your surroundings suddenly seem different.
A slime creature comes into view. x2
Found a scroll of immolation, a potion of heal wounds and 8 gold pieces.
Found a stone staircase leading down.
A slime creature comes into view.
A centaur comes into view.
The slime creature quivers.
You see here a potion of heal wounds {@q2}.
z - 2 potions of heal wounds {@q2} (gained 1)
The centaur shouts!
The centaur wields a +0 shortbow.
The centaur shoots an arrow.
The arrow hits you!
* * * LOW HITPOINT WARNING * * *
A howler monkey comes into view.
The howler monkey howls!
You see here an arrow.
You blink.
The slime creature quivers.
The centaur shoots an arrow.
The arrow barely misses you.
Found an arrow.
You blink.
The slime creature quivers.
A crimson imp comes into view.
The centaur shoots an arrow.
The arrow hits you!
* * * LOW HITPOINT WARNING * * *
You blink.
The centaur unwields a +0 shortbow.
The centaur barely misses you.
Unknown command.
You hit the centaur but do no damage. The centaur barely misses you.
The howler monkey hoots and howls with incredible vigour!
A howler monkey comes into view.
You hit the centaur. You burn the centaur. The centaur barely misses you.
The slime creature hits you!
You die...

..........#
..........+
.........(#
..........# ∆
....(.....#
..........#
####+####....#
...>...##.?..#####+#
..........JJ@.......
.#.......J...c......
#.........h........
#...##.##..........
#...#...#..........
#.......#..........
.....#...#..##+#####
.....##$.#.h. #. ..
..##


You could see 3 slime creatures, a centaur and 2 howler monkeys.

Vanquished Creatures
  Grinder (D:3)
  2 sky beasts (D:5)
  An ice beast (D:5)
  A phantom (D:4)
  An ogre (D:6)
  A bullfrog (D:5)
  A scorpion (D:4)
  A howler monkey (D:4)
  A crimson imp (D:2)
  An orc priest (D:6)
  A jelly (D:3)
  5 orc wizards
  Jessica (D:3)
  2 iguanas
  Terence (D:3)
  3 worker ants
  5 gnolls
  3 adders
  A shadow imp (D:5)
  3 oozes
  3 worms
  3 dart slugs
  14 orcs
  A ball python (D:5)
  9 bats
  3 giant cockroaches
  3 goblins (D:1)
  4 hobgoblins (D:1)
  4 jackals (D:4)
  A quokka (D:3)
  6 frilled lizards
  8 kobolds
  A quokka skeleton (D:5)
  8 rats
104 creatures vanquished.

Notes
Turn   | Place    | Note
-------+----------+-------------------------------------------
     0 | D:1      | Chaoticas the Gnoll Wizard began the quest for the Orb.
     0 | D:1      | Reached XP level 1. HP: 13/13 MP: 8/8
   269 | D:1      | Reached XP level 2. HP: 19/19 MP: 8/10
   273 | D:1      | Learned a level 2 spell: Blink
   573 | D:1      | Reached XP level 3. HP: 15/25 MP: 3/11
   767 | D:1      | Learned a level 3 spell: Conjure Flame
   771 | D:1      | Learned a level 3 spell: Mephitic Cloud
  1047 | D:1      | Reached skill level 1 in Invocations
  1349 | D:2      | Found a radiant altar of Vehumet.
  1452 | D:2      | Reached skill level 1 in Fighting
  1452 | D:2      | Reached skill level 1 in Short Blades
  1452 | D:2      | Reached skill level 1 in Long Blades
  1452 | D:2      | Reached skill level 1 in Axes
  1452 | D:2      | Reached skill level 1 in Maces & Flails
  1452 | D:2      | Reached skill level 1 in Polearms
  1452 | D:2      | Reached skill level 1 in Staves
  1452 | D:2      | Reached skill level 1 in Slings
  1452 | D:2      | Reached skill level 1 in Bows
  1452 | D:2      | Reached skill level 1 in Crossbows
  1452 | D:2      | Reached skill level 1 in Throwing
  1452 | D:2      | Reached skill level 1 in Armour
  1452 | D:2      | Reached skill level 1 in Shields
  1452 | D:2      | Reached skill level 1 in Unarmed Combat
  1452 | D:2      | Reached skill level 1 in Evocations
  1452 | D:2      | Reached XP level 4. HP: 32/32 MP: 1/13
  1995 | D:2      | Reached skill level 1 in Hexes
  1995 | D:2      | Reached skill level 1 in Charms
  1995 | D:2      | Reached skill level 1 in Necromancy
  1995 | D:2      | Reached skill level 1 in Transmutations
  1995 | D:2      | Reached skill level 1 in Fire Magic
  1995 | D:2      | Reached skill level 1 in Ice Magic
  1995 | D:2      | Reached skill level 1 in Air Magic
  1995 | D:2      | Reached skill level 1 in Earth Magic
  1995 | D:2      | Reached skill level 1 in Poison Magic
  2259 | D:3      | Noticed Grinder
  2426 | D:3      | Reached XP level 5. HP: 25/37 MP: 8/14
  2650 | D:3      | Noticed Jessica
  2656 | D:3      | Killed Jessica
  2750 | D:3      | Noticed Terence
  2792 | D:3      | Killed Terence
  3085 | D:4      | Noticed a two-headed ogre
  3410 | D:4      | Reached XP level 6. HP: 18/44 MP: 10/16
  3702 | D:4      | Reached skill level 5 in Dodging
  4009 | D:4      | Noticed Sigmund
  4080 | D:4      | Noticed a phantom
  4290 | D:4      | Killed a phantom
  4831 | D:4      | Reached XP level 7. HP: 30/50 MP: 11/18
  4990 | D:4      | Noticed Menkaure
  5593 | D:3      | Killed Grinder
  5819 | D:5      | Entered Level 5 of the Dungeon
  5827 | D:5      | Noticed Edmund
  5834 | D:5      | Reached skill level 5 in Stealth
  5931 | D:5      | Got an encrusted plate armour
  5936 | D:5      | Found a shadowy altar of Dithmenos.
  6051 | D:5      | Reached XP level 8. HP: 31/57 MP: 15/19
  8627 | D:6      | Reached skill level 8 in Spellcasting
  8812 | D:6      | Found a runed translucent door.
  8813 | D:6      | Noticed Crazy Yiuf
  8832 | D:6      | You fall into a shaft and drop 3 floors!
  8834 | D:9      | Noticed an elephant
  8834 | D:9      | Noticed a hippogriff
  8909 | D:9      | Noticed a slime creature
  8909 | D:9      | Noticed a slime creature
  8910 | D:9      | Noticed a slime creature
  8918 | D:9      | Mangled by a slime creature

Levels and vault maps discovered:
D:1:      dpeg_arrival_rooms_c, layout_rooms, serial_glass, glass_columns_a,
          glass_columns_c, glass_columns_b, glass_columns_c, glass_columns_a,
          glass_columns_b, glass_columns_a, glass_columns_c
D:2:      layout_loops_cross, marbit_many_paths
D:3:      layout_basic, first_ration, uniq_jessica, uniq_terence, uniq_grinder
D:4:      layout_loops_ring, grunt_ministairs_3, uniq_menkaure, uniq_sigmund,
          uniq_duvessa
D:5:      layout_cave_pods, lemuel_round_altar, patterned_corridor, uniq_edmund
D:6:      layout_basic, uniq_crazy_yiuf_cottage
D:9:      kennysheep_big_flooded_room, layout_stronghold, david_lair_generic,
          serial_column_ruins, column_ruins_hut_ruined,
          column_ruins_square_large, column_ruins_open_small,
          column_ruins_grid_2, column_ruins_open_medium, column_ruins_grid_3

Skill      XL: |  1  2  3  4  5  6  7  8 |
---------------+-------------------------+-----
Conjurations   | 2 3 |  3.5
Summonings     | 2 3 |  3.5
Translocations | 2 3 |  3.5
Invocations    | 1 2 3 |  3.7
Fighting       | 1 2 3 |  3.4
Short Blades   | 1 2 3 |  3.4
Long Blades    | 1 2 3 |  3.4
Axes           | 1 2 3 |  3.4
Maces & Flails | 1 2 3 |  3.4
Polearms       | 1 2 3 |  3.4
Staves         | 1 2 3 |  3.4
Slings         | 1 2 3 |  3.4
Bows           | 1 2 3 |  3.4
Crossbows      | 1 2 3 |  3.4
Throwing       | 1 2 3 |  3.4
Armour         | 1 2 3 |  3.4
Shields        | 1 2 3 |  3.4
Unarmed Combat | 1 2 3 |  3.4
Evocations     | 1 2 3 |  3.4
Hexes          | 1 2 |  2.8
Charms         | 1 2 |  2.8
Necromancy     | 1 2 |  2.8
Transmutations | 1 2 |  2.8
Fire Magic     | 1 2 |  2.8
Ice Magic      | 1 2 |  2.8
Air Magic      | 1 2 |  2.8
Earth Magic    | 1 2 |  2.8
Poison Magic   | 1 2 |  2.8
Dodging        | 5 |  5.8
Stealth        | 5 |  5.4
Spellcasting   | 8 |  8.0

Action                   |  1- 3 |  4- 6 |  7- 9 || total
-------------------------+-------+-------+-------++-------
Melee: Spear             |     6 |    45 |    45 ||    96
       Bite              |       |     3 |     9 ||    12
       Whip              |       |       |    77 ||    77
Throw: Dart              |       |       |     1 ||     1
 Cast: Magic Dart        |    71 |   168 |   148 ||   387
       Conjure Flame     |       |     6 |    11 ||    17
       Mephitic Cloud    |       |     3 |     4 ||     7
       Blink             |       |     2 |    14 ||    16
  Use: Scroll            |       |    11 |     1 ||    12
       Potion            |       |     2 |     2 ||     4
 Stab: Confused          |       |     3 |     1 ||     4
  Eat: Chunk             |     1 |     8 |     5 ||    14
       Ration            |       |     1 |     2 ||     3
Armor: Robe              |     3 |    11 |       ||    14
       Leather armour    |       |       |    18 ||    18
Dodge: Dodged            |    14 |    39 |    86 ||   139
Block: Buckler           |       |    14 |    20 ||    34

Table legend:
 A = Non-vault XP
 B = Vault XP
 C = Vault XP percentage of total XP
 D = Non-vault monster count
 E = Vault monster count
 F = Vault count percentage of total count
                 A         B        C        D         E       F
            +---------+---------+-------+---------+---------+-------
      Total |    1588 |     393 |  19.8 |      99 |       5 |   4.8
            +---------+---------+-------+---------+---------+-------
        D:1 |      61 |       0 |   0.0 |      29 |       0 |   0.0
        D:2 |      77 |       2 |   2.5 |      12 |       1 |   7.7
        D:3 |      50 |     354 |  87.6 |       7 |       3 |  30.0
        D:4 |     419 |      37 |   8.1 |      22 |       1 |   4.3
        D:5 |     661 |       0 |   0.0 |      17 |       0 |   0.0
        D:6 |     320 |       0 |   0.0 |      12 |       0 |   0.0
            +---------+---------+-------+---------+---------+-------
